 Dungeon Crawl Stone Soup version 0.21.0-34-g9234887 (webtiles) character file.

91 seren the Grave Robber (level 4, -6/32 HPs)
             Began as a Mummy Necromancer on Jan 29, 2018.
             Killed from afar by an orc wizard (7 damage)
             ... with a puff of flame
             ... on level 2 of the Dungeon.
             The game lasted 00:09:38 (2410 turns).

seren the Grave Robber (Mummy Necromancer)          Turns: 2410, Time: 00:09:40

Health: -6/32      AC:  4    Str: 11    XL:     4   Next: 33%
Magic:  0/9        EV: 12    Int: 15    God:
Gold:   192        SH:  0    Dex: 12    Spells: 5/10 levels left

rFire    x . .     SeeInvis .   c - +0 spear
rCold    + . .     Gourm    .   (no shield)
rNeg     + + +     Faith    .   a - +0 robe
rPois    ∞         Spirit   .   (no helmet)
rElec    .         Reflect  .   (no cloak)
rCorr    .         Harm     .   (no gloves)
MR       .....                  l - +1 pair of boots
Stlth    ++........             (no amulet)
HPRegen  0.10/turn              (no ring)
MPRegen  0.11/turn              (no ring)

@: no status effects
A: no food or potions, fire vulnerability, cold resistance 1, negative energy
resistance 3, torment resistance, unbreathing
a: no special abilities


You were on level 2 of the Dungeon.
You were not hungry.

You visited 1 branch of the dungeon, and saw 3 of its levels.

You collected 192 gold pieces.

Inventory:

Hand Weapons
 c - a +0 spear (weapon)
 g - a +0 whip
 n - a +0 dagger
Missiles
 f - 25 poisoned needles
 k - 14 sling bullets
Armour
 a - a +0 robe (worn)
 l - a +1 pair of boots (worn)
Jewellery
 o - an uncursed ring of ice {unknown}
Scrolls
 d - a scroll of fear {unknown}
 e - 2 scrolls of teleportation {unknown}
 h - 2 scrolls of magic mapping {unknown}
 i - 5 scrolls of identify {unknown}
 j - 3 scrolls of amnesia {unknown}
 m - a scroll of remove curse {unknown}
Books
 b - a book of Necromancy

   Spells                             Type                      Level
   a - Pain                           Necromancy                   1
   b - Animate Skeleton               Necromancy                   1
   c - Vampiric Draining              Necromancy                   3
   d - Regeneration                   Charms/Necromancy            3
   e - Animate Dead                   Necromancy                   4
   f - Borgnjor's Vile Clutch         Necromancy/Earth             5


   Skills:
 + Level 1.5 Fighting
 - Level 1.5 Dodging
 + Level 2.2 Stealth
 + Level 3.5 Spellcasting
 * Level 4.8 Necromancy


You had 5 spell levels left.
You knew the following spells:

 Your Spells              Type           Power        Failure   Level  Hunger
a - Pain                  Necr           ###.         2%          1    N/A
b - Vampiric Draining     Necr           ###.......   8%          3    N/A
s - Animate Skeleton      Necr           N/A          2%          1    N/A

Dungeon Overview and Level Annotations

Branches:
Dungeon (3/15)

Altars:
Ashenzari
Gozag
Makhleb
Nemelex Xobeh
Okawaru
Vehumet
Wu Jian
Yredelemnul
The Shining One


Innate Abilities, Weirdness & Mutations

You do not eat or drink.
Your flesh is vulnerable to fire.
You are immune to poison.
Your flesh is cold resistant. (rC+)
You are immune to negative energy. (rN+++)
You are immune to unholy pain and torment.
You can survive without breathing.


Message History

The orc wizard hits you with a dagger.
* * * LOW HITPOINT WARNING * * *
Casting: Pain
Confirm with . or Enter, or press ? or * to list all spells.
Aiming: Pain
Press: ? - help, Shift-Dir - straight line, f/p - orc wizard
Aim: an orc wizard, wielding a dagger and wearing a robe (heavily wounded, fast, chance to defeat MR: 76%)
The orc wizard writhes in agony!
The orc wizard hits you but does no damage.
You closely miss the orc wizard.
The orc wizard is severely wounded.
The orc wizard closely misses you. The orc wizard barely misses you.
You hit the orc wizard.
The orc wizard is severely wounded.
The orc wizard gestures at you while chanting.
The puff of flame hits you! The fire burns you terribly!
* * * LOW HITPOINT WARNING * * *
The orc wizard casts a spell at you. The puff of flame hits you!
The fire burns you terribly!
You die...

#Z#
#.#....###.###.##...#####.#
#.# #.###.#.#.#.#.#.##.##
#.# #.#
#.##.###.###.###...# #.#
#># #.#.## ##.#.#.#..###
#.# #.# #..## ##)###.#.#
#.# #.#####.## ##..# #.#.#
#.# #........###.#.# #.#.#
#.#
#########.#..#.###.#)######
#.# ##.#.#.#@..)......# #.#
#.#.....o.#.####.###o##
#.###.#.###.# #[##...## #.#
#(#.# #.# #.o......
#.###.#!###.# ####...#.
#..<........# ######
#<###.#.##### #.# ####.#
#.#.# #.. ##....# #.#.# #.#


You could see an orc wizard.

Vanquished Creatures
  A worker ant (D:2)
  A worm (D:2)
  2 dart slugs (D:1)
  7 orcs
  3 bats
  4 giant cockroaches (D:2)
  7 goblins
  4 hobgoblins
  A ball python (D:1)
  A frilled lizard (D:2)
  3 kobolds
  3 rats (D:2)
37 creatures vanquished.

Vanquished Creatures (collateral kills)
  An ooze (D:1)
  A worm (D:3)
  A bat (D:2)
  A giant cockroach (D:1)
  A goblin (D:1)
  3 hobgoblins
8 creatures vanquished.

Grand Total: 45 creatures vanquished

Notes
Turn   | Place    | Note
-------+----------+-------------------------------------------
     0 | D:1      | seren the Mummy Necromancer began the quest for the Orb.
     0 | D:1      | Reached XP level 1. HP: 13/13 MP: 4/4
   283 | D:1      | Reached XP level 2. HP: 4/20 MP: 2/5
   554 | D:1      | Learned a level 1 spell: Animate Skeleton
   935 | D:1      | Reached skill level 1 in Fighting
   949 | D:1      | Reached XP level 3. HP: 26/26 MP: 7/7
   954 | D:1      | Learned a level 3 spell: Vampiric Draining
  1061 | D:2      | Found a burning altar of Makhleb.
  1062 | D:2      | Found a radiant altar of Vehumet.
  1064 | D:2      | Found a glowing golden altar of the Shining One.
  1064 | D:2      | Found an opulent altar of Gozag.
  1066 | D:2      | Found an ornate altar of the Wu Jian Council.
  1066 | D:2      | Found an iron altar of Okawaru.
  1067 | D:2      | Found a shattered altar of Ashenzari.
  1714 | D:2      | Reached XP level 4. HP: 32/32 MP: 2/9
  1870 | D:2      | Found a sparkling altar of Nemelex Xobeh.
  2117 | D:2      | Found a basalt altar of Yredelemnul.
  2410 | D:2      | HP: 1/32 [orc wizard/puff of flame (6)]
  2410 | D:2      | Killed from afar by an orc wizard

Skill      XL: |  1  2  3 |
---------------+----------+-----
Spellcasting   | 3 |  3.5
Fighting       | 1 |  1.5
Stealth        | 2 |  2.2
Dodging        | |  1.5
Necromancy     | |  4.8

Action                   |  1- 3 |  4- 6 || total
-------------------------+-------+-------++-------
Melee: Spear             |    69 |    36 ||   105
 Cast: Pain              |    37 |    26 ||    63
       Animate Skeleton  |     9 |     4 ||    13
 Stab: Sleeping          |     3 |     3 ||     6
Armor: Robe              |    11 |    12 ||    23
Dodge: Dodged            |    22 |    22 ||    44
